 Dungeon Sprint DCSS version 0.29.1-15-g9cfb28693d (webtiles) character file.

Game seed: 8453563662481823649

2828 Groucho the Fighter (level 9, 0/85 HPs)
             Began as a Minotaur Fighter on Apr 5, 2023.
             Was the Champion of Cheibriados.
             Slain by an 11-headed hydra (13 damage)
             ... in the Dungeon (Sprint VII: "The Pits").
             The game lasted 00:04:30 (2106 turns).

Groucho the Fighter (Minotaur Fighter)              Turns: 2106, Time: 00:04:31

Health: 0/85       AC: 17    Str: 42    XL:     9   Next: 45%
Magic:  1/16       EV: 16    Int: 24    God:    Cheibriados [******]
Gold:   0          SH:  8    Dex: 25    Spells: 18/18 levels left

rFire   . . .      SeeInvis .   o - +2 war axe (freeze)
rCold   . . .      Faith    .   c - +0 buckler
rNeg    . . .      Spirit   .   r - +4 chain mail
rPois   .          Reflect  .   (helmet restricted)
rElec   .          Harm     .   (no cloak)
rCorr   .          Rampage  .   (no gloves)
Will    .....      NoTele   +   s - +0 pair of boots
Stlth   ..........              (no amulet)
HPRegen 0.24/turn               b - +3 ring of strength
MPRegen 0.15/turn               p - +3 ring of strength

@: very slow
A: horns 2, retaliatory headbutt
a: Renounce Religion, Bend Time, Temporal Distortion, Slouch, Step From Time


You were in the Dungeon.
You worshipped Cheibriados.
Cheibriados was exalted by your worship.
You visited 1 branch

Inventory:

Hand Weapons
 o - a +2 war axe of freezing (weapon)
Missiles
 n - 11 stones (quivered)
Armour
 c - a +0 buckler (worn)
 r - a +4 chain mail (worn)
 s - a +0 pair of boots (worn)
Jewellery
 b - a +3 ring of strength (left hand)
 p - a +3 ring of strength (right hand)
Scrolls
 j - a scroll of blinking
 l - 5 scrolls of amnesia
 m - a scroll of summoning
Potions
 d - a potion of might
 e - 8 potions of curing
 f - 11 potions of heal wounds
 g - a potion of haste
 h - 4 potions of magic
 i - 5 potions of berserk rage
 k - 2 potions of invisibility
 q - 2 potions of resistance


   Skills:
 + Level 10.1 Fighting
 + Level 9.9 Axes
 + Level 10.0 Armour
 + Level 8.4 Dodging
 + Level 10.0 Shields
 + Level 8.4 Unarmed Combat
 + Level 5.4 Spellcasting
 + Level 8.0 Invocations


You had 18 spell levels left.
You didn't know any spells.
Your spell library was empty.

Dungeon Overview and Level Annotations

Branches:
Dungeon (1/1)

Altars:
Ashenzari
Cheibriados
Dithmenos
Elyvilon
Fedhas
Gozag
Hepliaklqana
Kikubaaqudgha
Makhleb
Nemelex Xobeh
Okawaru
Qazlal
Ru
Sif Muna
Trog
Uskayaw
Vehumet
Wu Jian
Xom
Yredelemnul
Zin
The Shining One
Jiyva
Lugonu


Innate Abilities, Weirdness & Mutations

You have a pair of horns on your head.
You reflexively headbutt those who attack you in melee.


Message History

You chop one of the eight-headed hydra's heads off!
The seven-headed hydra grows two more!
You hit the nine-headed hydra. You freeze the nine-headed hydra.
You headbutt the nine-headed hydra.
The nine-headed hydra is almost dead.
You hit the yak. You freeze the yak.
You kill the yak!
Cheibriados thoroughly appreciates the change of pace.
The nine-headed hydra bites you but does no damage.
The nine-headed hydra barely misses you.
You block the nine-headed hydra's attack.
The nine-headed hydra bites you but does no damage.
The nine-headed hydra completely misses you.
The nine-headed hydra bites you but does no damage.
The nine-headed hydra bites you. The nine-headed hydra bites you!
* * * LOW HITPOINT WARNING * * *
The nine-headed hydra completely misses you.
Your Armour skill increases to level 10!
Your Invocations skill increases to level 8!
You slice one of the nine-headed hydra's heads off!
The eight-headed hydra grows two more!
You hit the ten-headed hydra. You freeze the ten-headed hydra.
The ten-headed hydra is severely wounded.
You hit the two-headed ogre. You freeze the two-headed ogre.
The ten-headed hydra is no longer moving slowly.
The two-headed ogre closely misses you.
The two-headed ogre hits you but does no damage.
Unknown command.
You chop one of the ten-headed hydra's heads off!
The nine-headed hydra grows two more!
You slice the 11-headed hydra!!
The 11-headed hydra seems to slow down.
You freeze the 11-headed hydra!
The 11-headed hydra is almost dead.
You barely miss the two-headed ogre. The two-headed ogre barely misses you.
You furiously retaliate!
You headbutt the two-headed ogre! You block the two-headed ogre's attack.
The 11-headed hydra bites you.
* * * LOW HITPOINT WARNING * * *
The 11-headed hydra completely misses you. x2
The 11-headed hydra closely misses you.
The 11-headed hydra bites you but does no damage.
The 11-headed hydra misses you. The 11-headed hydra bites you!
You die...

..'..#####'#####''#####
###'###.......##''#####
.....##.......##......+
.....##.......##......+
#'#####...<...##.....##
)))..##.......##...### .
)))..##.......##..## )).
#######.......##'O#..)#.
..#..###########@DYY).))
..#.############++#)†.#.
..#.#.)..#...[# #....
#.#)#)...#..[[# ##..
..#.')...'..))# .
..#)#....#..))#
..'.#....#..))#
###############


You could see a 11-headed hydra (slow), a two-headed ogre and 2 yaks.

Vanquished Creatures
  A sea snake (D)
  A gargoyle (D)
  A hellwing (D)
  A jumping spider (D)
  4 yaks (D)
  A fire bat (D)
  A warg (D)
  3 ice beasts (D)
  A phantom (D)
  A bullfrog (D)
  A gnoll sergeant (D)
  An orc priest (D)
  A jelly (D)
  2 gnoll boudas (D)
  2 orc wizards (D)
  12 gnolls (D)
  An adder (D)
  A river rat (D)
  An ufetubus (D)
  An adder zombie (D)
  An orc (D)
  A bat (D)
  A bat zombie (D)
  An endoplasm (D)
  A giant cockroach (D)
  A goblin (D)
  A hobgoblin (D)
  3 jackals (D)
  A ball python (D)
  A kobold (D)
  A rat (D)
51 creatures vanquished.

Notes
Turn   | Place    | Note
-------+----------+-------------------------------------------
     0 | D        | Groucho the Minotaur Fighter began the quest for the Orb.
     0 | D        | Reached XP level 1. HP: 19/19 MP: 0/0
    40 | D        | Found a bloodstained altar of Trog.
    40 | D        | Found a shimmering blue altar of Sif Muna.
    40 | D        | Found a viscous altar of Jiyva.
    40 | D        | Found a hazy altar of Hepliaklqana.
    40 | D        | Found an opulent altar of Gozag.
    41 | D        | Found a glowing golden altar of the Shining One.
    41 | D        | Found a glowing silver altar of Zin.
    41 | D        | Found a basalt altar of Yredelemnul.
    41 | D        | Found a shimmering altar of Xom.
    41 | D        | Found an ornate altar of the Wu Jian Council.
    41 | D        | Found a sacrificial altar of Ru.
    41 | D        | Found a stormy altar of Qazlal.
    41 | D        | Found an iron altar of Okawaru.
    41 | D        | Found a sparkling altar of Nemelex Xobeh.
    41 | D        | Found a burning altar of Makhleb.
    41 | D        | Found a blossoming altar of Fedhas.
    41 | D        | Found a white marble altar of Elyvilon.
    41 | D        | Found a shadowy altar of Dithmenos.
    41 | D        | Found a snail-covered altar of Cheibriados.
    43 | D        | Found a corrupted altar of Lugonu.
    43 | D        | Found a radiant altar of Vehumet.
    44 | D        | Found a broken altar of Ashenzari.
    44 | D        | Found an ancient bone altar of Kikubaaqudgha.
    44 | D        | Found a hide-covered altar of Uskayaw.
    54 | D        | Became a worshipper of Cheibriados the Contemplative
    81 | D        | Reached * piety under Cheibriados
    82 | D        | Reached skill level 1 in Unarmed Combat
    84 | D        | Reached skill level 1 in Dodging
    84 | D        | Reached XP level 2. HP: 27/27 MP: 1/1
    84 | D        | Reached ** piety under Cheibriados
   362 | D        | Reached skill level 1 in Invocations
   364 | D        | Reached *** piety under Cheibriados
   365 | D        | Reached skill level 1 in Spellcasting
   422 | D        | Noticed an ice beast
   428 | D        | Killed an ice beast
   428 | D        | Reached **** piety under Cheibriados
   429 | D        | Reached skill level 5 in Fighting
   429 | D        | Reached skill level 5 in Armour
   429 | D        | Reached skill level 5 in Shields
   429 | D        | Reached XP level 3. HP: 21/36 MP: 2/4
   429 | D        | Reached XP level 4. HP: 25/42 MP: 2/5
   492 | D        | Noticed an ice beast
   492 | D        | Noticed a phantom
   493 | D        | Noticed an ice beast
   494 | D        | Reached ***** piety under Cheibriados
   495 | D        | Reached skill level 5 in Axes
   495 | D        | Reached XP level 5. HP: 47/50 MP: 0/7
   497 | D        | Killed a phantom
   499 | D        | Killed an ice beast
   500 | D        | Reached skill level 5 in Dodging
   500 | D        | Reached XP level 6. HP: 55/58 MP: 0/9
   501 | D        | Reached skill level 5 in Unarmed Combat
   501 | D        | Killed an ice beast
   807 | D        | Reached skill level 5 in Invocations
   807 | D        | Reached XP level 7. HP: 65/66 MP: 9/11
   809 | D        | Noticed a gargoyle
   816 | D        | Killed a gargoyle
  1058 | D        | Noticed a fire bat
  1061 | D        | Reached ****** piety under Cheibriados
  1066 | D        | Killed a fire bat
  1068 | D        | Reached XP level 8. HP: 70/75 MP: 6/13
  1207 | D        | Noticed a hellwing
  1215 | D        | Killed a hellwing
  1601 | D        | Noticed a sea snake
  1601 | D        | Noticed a jumping spider
  1603 | D        | Killed a jumping spider
  1607 | D        | Killed a sea snake
  1608 | D        | Reached XP level 9. HP: 68/84 MP: 3/15
  2095 | D        | Noticed a six-headed hydra
  2097 | D        | Reached skill level 5 in Spellcasting
  2097 | D        | Noticed a two-headed ogre
  2099 | D        | Reached skill level 10 in Fighting
  2099 | D        | Reached skill level 10 in Shields
  2105 | D        | Reached skill level 10 in Armour
  2106 | D        | Slain by an 11-headed hydra

Illustrated notes

Levels and vault maps discovered:
D:        pitsprint [storerooms_1, entrance_room_1, metal_vault_4, armoury_1,
          mini_pit_1, grid_room_1, main_hall_1, silver_pit, the_coven_1,
          the_vestibule_1, steel_vault_1, golden_pit, hallway_of_sentries,
          crystal_vault_4, iron_vault_3, final_vault]

Skill      XL: |  1  2  3  4  5  6  7  8  9 |
---------------+----------------------------+-----
Unarmed Combat | 1 3 4 5 6 7 8 |  8.4
Fighting       | 4 5 6 7 8 9 10 | 10.1
Axes           | 3 4 5 6 8 9 |  9.9
Armour         | 4 5 6 7 8 9 10 | 10.0
Dodging        | 1 3 5 6 7 8 |  8.4
Shields        | 4 5 6 7 8 9 10 | 10.0
Invocations    | 3 4 5 6 7 8 |  8.0
Spellcasting   | 1 2 3 4 5 |  5.4

Action                   |  1- 3 |  4- 6 |  7- 9 || total
-------------------------+-------+-------+-------++-------
Melee: Hand axe          |    24 |    11 |    18 ||    53
       War axe           |     2 |       |    10 ||    12
       Headbutt          |     2 |     3 |    11 ||    16
Invok: Slouch            |       |     1 |     8 ||     9
  Use: Potion            |     1 |       |       ||     1
Armor: Scale mail        |    18 |     1 |       ||    19
       Chain mail        |       |       |    13 ||    13
Dodge: Dodged            |    15 |     4 |    34 ||    53
Block: Buckler           |     9 |     2 |    15 ||    26
